 Dungeon Crawl Stone Soup version 0.22.1-5-g62c59d919a (webtiles) character file.

28643 Kniotic the Imperceptible (level 13, -1/57 HPs)
             Began as a Spriggan Assassin on Jan 11, 2019.
             Was an Initiate of Gozag.
             Slain by a yak (16 damage)
             ... on level 6 of the Lair of Beasts on Jan 15, 2019.
             The game lasted 01:51:40 (32489 turns).

Kniotic the Imperceptible (Spriggan Assassin)      Turns: 32489, Time: 01:51:41

Health: -1/57      AC: -2    Str: 13    XL:     13   Next: 10%
Magic:  18/23      EV: 25    Int: 18    God:    Gozag
Gold:   1214       SH:  5    Dex: 23    Spells: 20/24 levels left

rFire    . . .     SeeInvis +   K - +1 rapier (elec)
rCold    . . .     Gourm    .   (shield restricted)
rNeg     . . .     Faith    .   c - +0 robe
rPois    .         Spirit   .   (helmet restricted)
rElec    .         Reflect  +   J - -5 cloak of Fyrrub {MR+ Int+3 Stlth+}
rCorr    .         Harm     .   (gloves unavailable)
MR       +++..                  (boots unavailable)
Stlth    ++++++++++             G - +5 amulet of reflection
HPRegen  0.19/turn              u - ring of Fatigue {Str+6 Int+2 Dex-2 Stlth+}
MPRegen  0.18/turn              I - +3 ring of dexterity

@: lethally poisoned (-1 -> -15), gold aura, very quick
A: very small, unfitting armour, see invisible, herbivore, speed 3, slow
metabolism 2
a: Potion Petition, Call Merchant, Bribe Branch, Renounce Religion


You were on level 6 of the Lair of Beasts.
You worshipped Gozag.
Gozag was most pleased with you.
You were very hungry.

You visited 2 branches of the dungeon, and saw 15 of its levels.
You also visited: Sewer and Volcano.

You collected 3359 gold pieces.
You spent 491 gold pieces at shops.
You paid 1654 gold pieces to Gozag.

Inventory:

Hand Weapons
 a - a +3 dagger
 b - a +0 blowgun
 K - a +1 rapier of electrocution (weapon)
Missiles
 e - 36 poisoned needles
Armour
 c - a +0 robe (worn)
 d - a +0 cloak
 J - the -5 cloak of Fyrrub (worn) {MR+ Int+3 Stlth+}
   (You found it on level 4 of the Lair of Beasts)

   It affects your intelligence (+3).
   It affects your resistance to hostile enchantments.
   It makes you more stealthy.
Jewellery
 u - the ring of Fatigue (left hand) {Str+6 Int+2 Dex-2 Stlth+}
   (You bought it in a shop on level 3 of the Lair of Beasts)

   [ring of dexterity]

   It affects your strength (+6).
   It affects your intelligence (+2).
   It affects your dexterity (-2).
   It makes you more stealthy.
 x - a +3 ring of evasion
 D - an uncursed amulet of the acrobat
 G - a +5 amulet of reflection (around neck)
 I - a +3 ring of dexterity (right hand)
 M - the ring of the Mage {Wiz MR++ Int+3}
   (You found it on level 5 of the Lair of Beasts)

   [ring of wizardry]

   It improves your spell success rate.
   It affects your intelligence (+3).
   It affects your resistance to hostile enchantments.
Wands
 r - a wand of polymorph (31)
 H - a wand of enslavement (1)
 L - a wand of disintegration (9)
 N - a wand of flame (25)
Scrolls
 h - 3 scrolls of blinking {unknown}
 i - 4 scrolls of magic mapping
 j - 2 scrolls of enchant armour {unknown}
 k - a scroll of holy word {unknown}
 l - 7 scrolls of teleportation
 n - 3 scrolls of amnesia
 p - 7 scrolls of immolation
 q - 9 scrolls of remove curse
 s - 4 scrolls of enchant weapon
 B - 4 scrolls of fear
Potions
 f - 3 potions of degeneration {unknown}
 m - 3 potions of might
 o - 2 potions of resistance
 t - 2 potions of heal wounds
 v - 4 potions of curing
 w - 2 potions of flight {unknown}
 z - a potion of agility
 A - 2 potions of haste
 C - a potion of magic {unknown}
 E - 3 potions of mutation
 F - a potion of brilliance {unknown}
Miscellaneous
 y - a lamp of fire
Comestibles
 g - 14 rations


   Skills:
 - Level 1.5 Fighting
 - Level 13.0 Short Blades
 - Level 2.0 Throwing
 + Level 8.0 Dodging
 * Level 23.0 Stealth
 - Level 6.0 Spellcasting
 - Level 6.0 Hexes


You had 20 spell levels left.
You knew the following spells:

 Your Spells              Type           Power        Failure   Level  Hunger
a - Confusing Touch       Hex            ####..       1%          1    None
b - Confuse               Hex            ####....     3%          3    ##.....

Your spell library contained the following spells:

 Spells                   Type           Power        Failure   Level  Hunger
 Slow                     Hex            ####....     1%          2    None
 Magic Dart               Conj           #...         12%         1    None
 Blink                    Tloc           N/A          19%         2    None
 Call Imp                 Summ           #.......     19%         2    None
 Conjure Flame            Conj/Fire      #.......     34%         3    ##.....
 Gell's Gravitas          Tloc           #.........   34%         3    ##.....
 Mephitic Cloud           Conj/Pois/Air  #.......     34%         3    ##.....
 Metabolic Englaciation   Hex/Ice        ###.......   67%         5    #####..
 Yara's Violent Unravell  Hex/Tmut       ###.......   67%         5    #####..
 Petrify                  Tmut/Erth      #.......     75%         4    ####...


Dungeon Overview and Level Annotations

Branches:
Dungeon (9/15)             Temple (0/1) D:5            Lair (6/6) D:9
 Shoals (0/4) Lair:2        Snake (0/4) Lair:3        Slime (0/5) Lair:6
    Orc: D:9-12

Altars:
Ashenzari
Dithmenos
Elyvilon
Gozag
Hepliaklqana
Kikubaaqudgha
Makhleb
Okawaru
Qazlal
Sif Muna
Trog
Wu Jian
Xom
Zin

Shops:
D:4 ?   D:8 (   Lair:3 =

Annotations:
D:8 1 runed door, Zingi's ghost, novice HOMo


Innate Abilities, Weirdness & Mutations

You are very small and have problems with some larger weapons.
You are too small for most types of armour.
You have supernaturally acute eyesight. (SInv)
You are a herbivore.
You cover ground extremely quickly.
You need to consume almost no food.


Message History

The spiny frog is distracted by the nearby gold.
The spiny frog gives a loud, deep croak!
You barely miss the spiny frog.
The spiny frog is no longer distracted by gold.
The spiny frog stings you!!
You are poisoned.
The spiny frog poisons you!
You hit the spiny frog.
Lightning courses through the spiny frog!
The spiny frog is moderately wounded.
* * * LOW HITPOINT WARNING * * *
You feel sick. You block the yak's attack.
You hit the spiny frog.
The spiny frog is moderately wounded.
* * * LOW HITPOINT WARNING * * *
You feel sick.
* * * LOW HITPOINT WARNING * * *
You feel sick. The yak gores you!
You die...
Your body crumbles into a pile of gold.

.......................#
..<....................#
..$....................#
......................P#
.....................PP#
.....######............#
....## ###$$........#
...## ##.........# .###
#.Y@......# .#
##F......## ## ###.....#
# #.....## # ##......# #
$ #.......## # $
#......#.# # ##.......#
# ##.....P##


You could see a yak and a spiny frog (confused).

Vanquished Creatures
  2 hydras
  7 death yaks
  Urug (Lair:3)
  A lindwurm (Lair:6)
  A salamander (Lair:2)
  A black mamba (Lair:5)
  9 spiny frogs
  A rime drake (Lair:6)
  A komodo dragon (Lair:5)
  A yaktaur (Volcano)
  A merfolk (D:9)
  4 polar bears
  A snapping turtle (Lair:2)
  4 dream sheep (Lair:5)
  5 hippogriffs
  13 blink frogs
  2 slime creatures (Lair:6)
  3 wyverns
  27 yaks
  3 basilisks
  Grum (D:8)
  Menkaure (D:6)
  3 nagas (Lair:3)
  8 water moccasins
  2 ice beasts
  10 porcupines
  4 orc warriors
  A black bear (Lair:1)
  3 centaurs
  9 wolves
  7 ogres
  9 crocodiles
  Blork the orc (D:6)
  11 bullfrogs
  6 killer bees
  3 wights (D:6)
  An electric eel (Lair:2)
  4 howler monkeys
  2 centaur zombies
  5 crimson imps
  A quasit (D:8)
  3 orc priests
  2 hounds
  3 jellies
  A centaur skeleton (D:4)
  2 iguanas
  2 orc wizards
  4 worker ants (D:4)
  2 hell rats (D:9)
  A hound zombie (D:9)
  A hound skeleton (D:9)
  Robin (D:2)
  A worker ant zombie (D:7)
  A howler monkey skeleton (D:7)
  4 gnolls (D:3)
  11 adders
  3 river rats (D:9)
  2 oozes
  2 worms
  4 leopard geckos
  14 orcs
  11 bats
  6 giant cockroaches
  16 goblins
  11 hobgoblins
  9 jackals
  6 quokkas
  A ball python (D:4)
  6 frilled lizards
  A jackal zombie (D:5)
  5 kobolds
  A quokka skeleton (D:6)
  7 rats
  A fungus (Lair:2)
325 creatures vanquished.

Vanquished Creatures (collateral kills)
  A yak (Lair:4)
1 creature vanquished.

Vanquished Creatures (others)
  A yak (Lair:4)
  5 bushes (Lair:6)
  29 fungi
  23 plants
58 creatures vanquished.

Grand Total: 384 creatures vanquished

Notes
Turn   | Place    | Note
-------+----------+-------------------------------------------
     0 | D:1      | Kniotic the Spriggan Assassin began the quest for the Orb.
     0 | D:1      | Reached XP level 1. HP: 10/10 MP: 2/2
    98 | D:1      | Reached skill level 6 in Stealth
   192 | D:1      | Reached XP level 2. HP: 14/14 MP: 3/3
  1276 | D:2      | Reached XP level 3. HP: 18/18 MP: 4/4
  1433 | D:2      | Reached skill level 7 in Stealth
  1500 | D:2      | Noticed Robin
  1732 | D:2      | Reached XP level 4. HP: 9/22 MP: 5/5
  1923 | D:2      | Killed Robin
  1958 | D:2      | Found a shadowy altar of Dithmenos.
  2394 | D:3      | Found an opulent altar of Gozag.
  2418 | D:3      | Became a worshipper of Gozag Ym Sagoz the Greedy
  2594 | D:3      | Found a glowing drain.
  2642 | Sewer    | Entered a sewer
  3195 | D:3      | Found a stormy altar of Qazlal.
  3318 | D:3      | Reached skill level 8 in Stealth
  3336 | D:3      | Reached XP level 5. HP: 25/25 MP: 6/6
  3430 | D:4      | Noticed a phantom
  3836 | D:4      | Found a burning altar of Makhleb.
  3923 | D:4      | Reached skill level 5 in Short Blades
  3940 | D:4      | Found a bloodstained altar of Trog.
  3946 | D:4      | Found Saumupri's Magic Scroll Shop.
  3954 | D:4      | Bought a scroll of identify for 22 gold pieces
  3954 | D:4      | Bought 2 scrolls of identify for 44 gold pieces
  3954 | D:4      | Bought a scroll of fear for 38 gold pieces
  4255 | D:5      | Entered Level 5 of the Dungeon
  4260 | D:5      | Noticed an ogre
  4266 | D:5      | Found a shattered altar of Ashenzari.
  4304 | D:4      | Reached XP level 6. HP: 19/30 MP: 7/7
  4478 | D:5      | Reached skill level 9 in Stealth
  5238 | D:5      | Reached skill level 10 in Stealth
  5238 | D:5      | Reached XP level 7. HP: 33/33 MP: 8/8
  5930 | D:5      | Noticed a vampire
  5987 | D:5      | Found a staircase to the Ecumenical Temple.
  6057 | D:5      | Found a white marble altar of Elyvilon.
  6096 | D:5      | Found a glowing silver altar of Zin.
  6096 | D:5      | Noticed an angel
  6216 | D:6      | Noticed Blork the orc
  6259 | D:6      | Noticed Menkaure
  6269 | D:6      | Killed Menkaure
  6269 | D:6      | Reached skill level 11 in Stealth
  6521 | D:6      | Reached XP level 8. HP: 34/37 MP: 9/9
  6931 | D:6      | Found an ornate altar of the Wu Jian Council.
  7043 | D:6      | Found a hazy altar of Hepliaklqana.
  7058 | D:6      | Found a deep blue altar of Sif Muna.
  7074 | D:6      | Reached skill level 12 in Stealth
  7541 | D:6      | Killed Blork the orc
  8064 | D:7      | Reached skill level 13 in Stealth
  9226 | D:8      | Found a deep blue altar of Sif Muna.
  9342 | D:7      | Reached XP level 9. HP: 39/41 MP: 10/10
 10429 | D:8      | Found an ancient bone altar of Kikubaaqudgha.
 10744 | D:7      | Reached skill level 14 in Stealth
 11145 | D:8      | Found a runed door.
 11146 | D:8      | Found a shimmering altar of Xom.
 11146 | D:8      | Noticed Zingi's ghost (novice HOMo)
 11147 | D:8      | Noticed a short sword of chaos
 11324 | D:8      | Found an iron altar of Okawaru.
 11883 | D:9      | Found a staircase to the Lair.
 11883 | D:9      | Noticed a death yak
 11885 | D:9      | Noticed a death yak
 11886 | D:9      | Noticed a death yak
 12000 | D:8      | Reached skill level 10 in Short Blades
 12369 | D:8      | Bought 3 needles of sleeping for 18 gold pieces
 12406 | D:9      | Noticed Grum
 13048 | D:8      | Reached skill level 15 in Stealth
 13683 | D:8      | Killed Grum
 15144 | D:8      | Reached skill level 16 in Stealth
 15825 | D:9      | Reached XP level 10. HP: 46/46 MP: 11/11
 16274 | Lair:1   | Entered Level 1 of the Lair of Beasts
 16519 | Lair:1   | Noticed a spiny frog
 16522 | Lair:1   | Killed a spiny frog
 16522 | Lair:1   | Reached skill level 17 in Stealth
 17338 | Lair:1   | Reached skill level 18 in Stealth
 17678 | Lair:2   | Noticed a spiny frog
 17685 | Lair:2   | Killed a spiny frog
 17811 | Lair:2   | Noticed a death yak
 17896 | Lair:2   | Noticed a death yak
 17948 | Lair:2   | Noticed a spiny frog
 18163 | Lair:2   | Noticed a death yak
 18267 | Lair:2   | Found a staircase to the Shoals.
 18543 | Lair:2   | Noticed a spiny frog
 18562 | Lair:2   | Killed a spiny frog
 18565 | Lair:2   | Noticed a salamander
 18565 | Lair:2   | a spiny frog changed into a salamander
 18796 | Lair:2   | Killed a salamander
 18796 | Lair:2   | Reached skill level 19 in Stealth
 18796 | Lair:2   | Reached XP level 11. HP: 39/49 MP: 12/12
 19755 | Lair:3   | Learned a level 1 spell: Confusing Touch
 19759 | Lair:3   | Learned a level 3 spell: Confuse
 19882 | Lair:3   | Reached skill level 1 in Hexes
 20043 | Lair:3   | Noticed Urug
 20358 | Lair:2   | Noticed a death yak
 20364 | Lair:2   | Noticed a death yak
 20397 | Lair:2   | Killed a death yak
 20629 | Lair:2   | Noticed a death yak
 20677 | Lair:2   | Killed a death yak
 20767 | Lair:2   | Killed a death yak
 20976 | Lair:2   | HP: 1/49 [basilisk (15)]
 21704 | Lair:3   | Reached skill level 20 in Stealth
 22461 | Lair:3   | Noticed a seven-headed hydra
 22467 | Lair:3   | Killed a seven-headed hydra
 22507 | Lair:3   | Noticed a death yak
 22553 | Lair:3   | Found a staircase to the Snake Pit.
 22881 | Lair:3   | HP: 2/49 [yak (12)]
 23342 | Lair:3   | Noticed a death yak
 23343 | Lair:3   | Noticed a death yak
 23356 | Lair:3   | Noticed a death yak
 23740 | Lair:3   | Killed Urug
 23934 | Lair:3   | Bought the cursed ring of Fatigue {Str+6 Int+2 Dex-2
                  | Stlth+} for 369 gold pieces
 24016 | Lair:3   | Noticed an eight-headed hydra
 24028 | Lair:3   | Killed a death yak
 24157 | Lair:3   | Killed a death yak
 24157 | Lair:3   | Reached skill level 5 in Hexes
 24186 | Lair:3   | Killed a death yak
 24207 | Lair:3   | Killed a death yak
 24207 | Lair:3   | Reached skill level 21 in Stealth
 24207 | Lair:3   | Reached XP level 12. HP: 45/53 MP: 11/13
 25201 | Lair:4   | Found a dark tunnel.
 25217 | Volcano  | Entered a volcano
 25242 | Volcano  | Noticed a red draconian
 25255 | Volcano  | Reached skill level 1 in Spellcasting
 26736 | Lair:4   | Got a scorched cloak
 26796 | Lair:4   | Identified the -5 cloak of Fyrrub {MR+ Int+3 Stlth+} (You
                  | found it on level 4 of the Lair of Beasts)
 29103 | Lair:5   | Found the ring of the Mage {Wiz MR++ Int+3}
 29495 | Lair:5   | Reached skill level 5 in Dodging
 29711 | Lair:5   | Reached skill level 22 in Stealth
 29791 | Lair:5   | Noticed a four-headed hydra
 29796 | Lair:5   | Killed a four-headed hydra
 29903 | Lair:5   | Reached skill level 5 in Spellcasting
 30235 | Lair:6   | Entered Level 6 of the Lair of Beasts
 30489 | Lair:6   | Noticed a six-headed hydra
 31573 | Lair:6   | Reached XP level 13. HP: 49/57 MP: 21/23
 32126 | Lair:6   | Reached skill level 23 in Stealth
 32194 | Lair:6   | Found a staircase to the Slime Pits.
 32489 | Lair:6   | Slain by a yak

Skill      XL: |  1  2  3  4  5  6  7  8  9 10 11 12 13 |
---------------+----------------------------------------+-----
Stealth        | 6 7 8 10 11 13 16 19 21 22 23 | 23.0
Short Blades   | 3 4 5 6 7 9 10 12 13 | 13.0
Hexes          | 5 6 |  6.0
Dodging        | 7 8 |  8.0
Spellcasting   | 6 |  6.0
Fighting       | |  1.5
Throwing       | |  2.0

Action                   |  1- 3 |  4- 6 |  7- 9 | 10-12 | 13-15 || total
-------------------------+-------+-------+-------+-------+-------++-------
Melee: Dagger            |   117 |   211 |   682 |   315 |       ||  1325
       Unarmed           |       |       |     3 |   114 |       ||   117
       Rapier            |       |       |       |   142 |    64 ||   206
 Fire: Blowgun           |     9 |    17 |   159 |   226 |       ||   411
 Cast: Confusing Touch   |       |       |       |    57 |       ||    57
       Confuse           |       |       |       |       |     5 ||     5
Invok: Call Merchant     |       |       |     1 |     1 |       ||     2
Evoke: Wand              |       |       |    12 |    18 |       ||    30
       Lamp of fire      |       |       |       |     1 |       ||     1
  Use: Scroll            |       |     9 |     8 |     5 |       ||    22
       Potion            |       |       |     3 |     5 |       ||     8
 Stab: Sleeping          |    14 |    20 |     8 |    39 |       ||    81
       Distracted        |     1 |     2 |     8 |     7 |     2 ||    20
       Paralysed         |       |       |     7 |       |       ||     7
       Confused          |       |       |       |    43 |     2 ||    45
  Eat: Ration            |       |       |     6 |     9 |       ||    15
Armor: Robe              |     7 |    15 |    45 |    11 |       ||    78
Dodge: Dodged            |    72 |   128 |   464 |   269 |    38 ||   971
Block: Other             |       |       |       |    44 |     9 ||    53
       Reflection        |       |       |       |     1 |       ||     1
